 Dungeon Crawl Stone Soup version 0.27.1-34-g3ba077fa99 (webtiles) character file.

Game seed: 7940047194099045238

443 Violens the Covered (level 6, -4/56 HPs)
             Began as a Minotaur Fighter on Jan 6, 2022.
             Was a Believer of the Shining One.
             Slain by an ogre (23 damage)
             ... on level 5 of the Dungeon.
             The game lasted 00:23:30 (3818 turns).

Violens the Covered (Minotaur Fighter)              Turns: 3818, Time: 00:23:30

Health: -4/56      AC:  9    Str: 22    XL:     6   Next: 71%
Magic:  5/5        EV:  6    Int:  5    God:    the Shining One [**....]
Gold:   210        SH: 10    Dex: 10    Spells: 5/5 levels left

rFire    . . .     SeeInvis .   a - +0 war axe
rCold    . . .     Faith    .   c - +0 kite shield
rNeg     + . .     Spirit   .   d - +0 chain mail
rPois    .         Reflect  .   (helmet restricted)
rElec    .         Harm     .   (no cloak)
rCorr    .         Rampage  .   (no gloves)
Will     .....                  (no boots)
Stlth    ..........             (no amulet)
HPRegen  0.18/turn              (no ring)
MPRegen  0.09/turn              (no ring)

@: glowing
A: horns 2, retaliatory headbutt
a: Renounce Religion, Divine Shield


You were on level 5 of the Dungeon.
You worshipped the Shining One.
The Shining One was pleased with you.
You visited 1 branch of the dungeon, and saw 5 of its levels.

You collected 210 gold pieces.

Inventory:

Hand Weapons
 a - a +0 war axe (weapon)
 j - a +0 mace of protection
 u - a +0 scythe
Missiles
 b - 5 boomerangs (quivered)
 q - 28 bolts
Armour
 c - a +0 kite shield (worn)
 d - a +0 chain mail (worn)
Magical Staves
 o - a staff of fire
Scrolls
 e - a scroll of holy word
 h - a scroll of teleportation
 k - a scroll of fear {unknown}
 l - a scroll of enchant armour {unknown}
 m - a scroll of enchant weapon {unknown}
 n - a scroll of torment {unknown}
 p - a scroll of immolation {unknown}
 r - 2 scrolls of fog
Potions
 f - 3 potions of attraction
 g - 3 potions of curing
 i - 3 potions of mutation
 s - a potion of flight {unknown}
 t - 3 potions of might
 v - a potion of degeneration {unknown}


   Skills:
 + Level 5.3 Fighting
 + Level 5.2 Axes
 + Level 1.5 Throwing
 + Level 5.4 Armour
 + Level 1.0 Dodging
 + Level 4.6 Shields


You had 5 spell levels left.
You didn't know any spells.
Your spell library contained the following spells:

 Spells                   Type           Power      Damage    Failure   Level
 Magic Dart               Conj           0%         1d3       100%        1
 Call Imp                 Summ           0%         N/A       100%        2
 Mephitic Cloud           Conj/Pois/Air  0%         N/A       100%        3


Dungeon Overview and Level Annotations

Branches:
Dungeon (5/15)
 Temple: D:4-7

Altars:
Gozag
Kikubaaqudgha
Makhleb
Okawaru
Uskayaw
Vehumet
Yredelemnul
The Shining One


Innate Abilities, Weirdness & Mutations

You have a pair of horns on your head.
You reflexively headbutt those who attack you in melee.


Message History

You now have 196 gold pieces (gained 13).
You now have 210 gold pieces (gained 14).
Found a long glowing staff.
You see here a staff of fire.
o - a staff of fire
Things that are here:
a +0 robe; the human corpse of Sigmund A bullfrog skeleton comes into view.
The bullfrog skeleton hits you but does no damage.
You slash the bullfrog skeleton! You headbutt the bullfrog skeleton.
The bullfrog skeleton is heavily damaged.
The bullfrog skeleton hits you but does no damage.
The bullfrog skeleton hits you.
You hit the bullfrog skeleton.
The bullfrog skeleton is severely damaged.
The bullfrog skeleton hits you but does no damage.
You block the bullfrog skeleton's attack.
You hit the bullfrog skeleton.
The bullfrog skeleton is almost destroyed.
The bullfrog skeleton completely misses you.
You furiously retaliate!
You headbutt the bullfrog skeleton.
You hit the bullfrog skeleton but do no damage.
The bullfrog skeleton is almost destroyed.
The bullfrog skeleton hits you but does no damage. x2
You hit the bullfrog skeleton.
You destroy the bullfrog skeleton!
The Shining One accepts your kill.
Your Axes skill increases to level 5!
An ogre comes into view. It is wielding a +0 giant club.
You block the ogre's attack.
You slash the ogre!
The ogre is moderately wounded.
The ogre hits you with a +0 giant club!
You slash the ogre!
The ogre is severely wounded.
The ogre hits you with a +0 giant club!!
You hit the ogre.
The ogre is almost dead.
The ogre hits you with a +0 giant club!!
You die...

#.##### #.# #.#
#.# #.#########
##
######.........#
.#
#..........##.#.#
.#
#.########...##
.# #.# ####@# .#
#.# ##O# .# #.#
.# .###.# ..
.....######## ###
.............
...#########.
.#.# .#.#


You could see an ogre.

Vanquished Creatures
  Sigmund (D:5)
  A crimson imp (D:5)
  A bullfrog skeleton (D:5)
  A hound (D:4)
  2 hound skeletons (D:4)
  6 adders
  A white imp (D:5)
  4 worms
  A dart slug (D:1)
  7 orcs
  5 ball pythons
  4 bats (D:3)
  12 endoplasms
  4 giant cockroaches
  5 goblins
  6 hobgoblins
  3 jackals (D:4)
  10 kobolds
  5 quokkas
  5 frilled lizards
  4 rats (D:2)
88 creatures vanquished.

Notes
Turn   | Place    | Note
-------+----------+-------------------------------------------
     0 | D:1      | Violens the Minotaur Fighter began the quest for the Orb.
     0 | D:1      | Reached XP level 1. HP: 19/19 MP: 0/0
   620 | D:1      | Reached XP level 2. HP: 23/27 MP: 1/1
  1413 | D:2      | Found a faded altar of an unknown god.
  1423 | D:2      | Became a worshipper of the Shining One
  1423 | D:2      | Reached * piety under the Shining One
  1443 | D:2      | Reached XP level 3. HP: 28/34 MP: 2/2
  1854 | D:2      | Found an opulent altar of Gozag.
  2027 | D:2      | Reached XP level 4. HP: 37/41 MP: 3/3
  2520 | D:3      | Reached skill level 5 in Fighting
  2816 | D:3      | Found an ancient bone altar of Kikubaaqudgha.
  2817 | D:3      | Found a basalt altar of Yredelemnul.
  2818 | D:3      | Found a burning altar of Makhleb.
  2982 | D:3      | Reached XP level 5. HP: 48/48 MP: 4/4
  3198 | D:4      | Found a hide-covered altar of Uskayaw.
  3281 | D:4      | Found a radiant altar of Vehumet.
  3281 | D:4      | Found an iron altar of Okawaru.
  3610 | D:5      | Entered Level 5 of the Dungeon
  3629 | D:5      | Noticed Sigmund
  3629 | D:5      | Reached ** piety under the Shining One
  3636 | D:5      | Killed Sigmund
  3637 | D:5      | Reached skill level 5 in Armour
  3637 | D:5      | Reached skill level 1 in Dodging
  3637 | D:5      | Reached XP level 6. HP: 56/56 MP: 5/5
  3679 | D:5      | Reached skill level 1 in Throwing
  3792 | D:5      | Reached skill level 5 in Axes
  3818 | D:5      | Slain by an ogre

Illustrated notes

Levels and vault maps discovered:
D:1:      zaba_arrival_water, layout_loops_corners, moated_statue
D:2:      layout_basic, dreamdust_ecumenical_altar_statues, basic_altar
D:3:      layout_loops_ring, chequers_temple_overflow_statue_of_worship
D:4:      layout_rooms, nicolae_uskayaw_dance_hall, grunt_temple_overflow_open
D:5:      layout_loops_ring, mainiacjoe_overflow_concentric_impassable,
          minmay_fire_ice_demons, uniq_ijyb, uniq_grinder, uniq_menkaure,
          uniq_sigmund

Skill      XL: |  1  2  3  4  5  6 |
---------------+-------------------+-----
Fighting       | 4 5 |  5.3
Shields        | 4 |  4.6
Armour         | 4 5 |  5.4
Axes           | 3 4 5 |  5.2
Dodging        | 1 |  1.0
Throwing       | 1 |  1.5

Action                   |  1- 3 |  4- 6 || total
-------------------------+-------+-------++-------
Melee: War axe           |   114 |    99 ||   213
       Headbutt          |    20 |    11 ||    31
Throw: Boomerang         |       |    16 ||    16
  Use: Scroll            |       |     6 ||     6
Armor: Scale mail        |    52 |    25 ||    77
       Chain mail        |       |    18 ||    18
Dodge: Dodged            |    19 |    31 ||    50
Block: Kite shield       |    51 |    41 ||    92
